Description

Send 1st probe to return with minerals to nat for pylon Only cut probes after 3rd gate until prism and 42 pylon are started

VOD

https://www.youtube.com/watch?v=zGRp-AtOClE

Replay - Ever Dream LE (119)

Build Order

Get SALT Encoding   

  12  0:01  Probe  
  13  0:13  Pylon  
  13  0:18  Probe (Chrono Boost)  
  14  0:28  Probe (Chrono Boost)  
  15  0:33  Probe (Chrono Boost)  
  16  0:38  Gateway  
  16  0:45  Probe  
  16  0:49  Assimilator  
  18  0:57  Probe  
  18  1:09  Probe  
  19  1:21  Probe  
  20  1:27  Nexus  
  20  1:34  Cybernetics Core  
  20  1:38  Probe  
  21  1:42  Assimilator  
  21  1:50  Probe  
  21  1:52  Pylon  
  23  2:09  Adept (Chrono Boost)  
  23  2:12  Warp Gate  
  26  2:23  Twilight Council  
  26  2:29  Stalker (Chrono Boost)  
  33  2:52  Robotics Facility  
  33  3:03  Gateway  
  35  3:18  Dark Shrine  
  37  3:22  Adept  
  39  3:29  Gateway  
  40  3:36  Warp Prism (Chrono Boost)  
  42  3:43  Pylon  
  44  4:01  Adept x2  
  50  4:03  Pylon  
  50  4:11  Assimilator  
  50  4:13  Pylon  
  54  4:35  Dark Templar x3  
  61  4:46  Nexus  
  62  4:56  Observer (Chrono Boost)  
  62  4:58  Assimilator  
  65  5:09  Forge  
  65  5:10  Dark Templar, Archon  
  69  5:16  Archon, Immortal (Chrono Boost)  
Spawning Tool Build Advisor. Get it on Overwolf

Go to:

Details

  • Created by: programndial@gmail.com   
  • Published on: Jun 08, 2020
  • Modified on: Jun 08, 2020
  • Patch: 4.11.0
  • Difficulty: Medium
Show
View Real Time Build Order
Export as new Build Order

Comments (0)

There are no comments. Be the first!

Create an account to comment!